 Dungeon Crawl Stone Soup version 0.18-a0-1626-g65af6d3 (console) character file.

253 Liam the Magician (level 5, -5/28 HPs)
             Began as a Deep Elf Conjurer on Mar 24, 2016.
             Slain by an orc
             ... wielding a +0 hand axe
              (8 damage)
             ... on level 4 of the Dungeon.
             The game lasted 00:10:07 (3599 turns).

Liam the Magician (Deep Elf Conjurer)               Turns: 3599, Time: 00:10:08

Health: -5/28      AC:  4    Str:  2 (5)  XL:     5   Next: 90%
Magic:  0/15       EV: 12    Int: 24 (26) God:
Gold:   145        SH:  0    Dex: 12 (15) Spells: 2 memorised, 11 levels left

rFire  + . .     SeeInvis .     (no weapon)
rCold  + . .     Gourm    .     i - +2 robe {rC+ rF+}
rNeg   . . .     Faith    .     (no shield)
rPois  .         Spirit   .     (no helmet)
rElec  .         Dismiss  .     (no cloak)
rCorr  .         Reflect  .     (no gloves)
SustAt +         Harm     .     (no boots)
MR     .....                    (no amulet)
Stlth  ++........               (no ring)
                                u - ring of sustain attributes

@: brilliant, flying, not resistant to hostile enchantments, unstealthy
A: no striking features
a: no special abilities


You were on level 4 of the Dungeon.
You were not hungry.

You visited 1 branch of the dungeon, and saw 4 of its levels.
You also visited: Sewer.

You collected 145 gold pieces.

Inventory:

Armour
 a - a +0 robe
 i - a +2 robe of resistance (worn)
 l - a +0 cloak
Jewellery
 u - a ring of sustain attributes (left hand)
Scrolls
 e - 3 scrolls of remove curse {unknown}
 f - 2 scrolls of random uselessness {unknown}
 g - 3 scrolls of identify {unknown}
 h - 2 scrolls of teleportation {unknown}
 m - a scroll of magic mapping {unknown}
 n - 2 scrolls of noise {unknown}
Potions
 d - 2 potions of might
 j - a potion of cancellation
 o - a potion of flight
Books
 b - a book of Conjurations

   Spells                             Type                      Level
   a - Magic Dart                     Conjuration                  1
   b - Searing Ray                    Conjuration                  2
   c - Dazzling Spray                 Conjuration/Hexes            3
   d - Fulminant Prism                Conjuration/Hexes            4
   e - Iskenderun's Mystic Blast      Conjuration                  4
   f - Iskenderun's Battlesphere      Conjuration/Charms           5
Comestibles
 c - 3 bread rations
 s - a beef jerky
 t - a meat ration


   Skills:
 - Level 2.4 Dodging
 - Level 2.4 Stealth
 + Level 6.4 Spellcasting
 + Level 6.3 Conjurations


You had 11 spell levels left.
You knew the following spells:

 Your Spells              Type           Power        Failure   Level  Hunger
a - Magic Dart            Conj           ####         1%          1    None
x - Iskenderun's Mystic   Conj           ######..     1%          4    ###....


Dungeon Overview and Level Annotations

Branches:
Dungeon (4/15)
 Temple: D:4-7

Altars:
Ashenzari
Elyvilon
Qazlal
Trog
Yredelemnul


Message History

Confirm with . or Enter, or press ? or * to list all spells.
Aiming: Magic Dart
Press: ? - help, Shift-Dir - straight line You hear some strange, mumbled words.
A puff of flame appears from out of thin air!
The puff of flame misses you.
Unknown command.
You hear some strange, mumbled words.
A puff of flame appears from out of thin air!
The puff of flame hits you! You resist.
* * * LOW HITPOINT WARNING * * *
Drink which item? (? for menu, Esc to quit)
You don't have any such object.
Drink which item? (? for menu, Esc to quit)
Okay, then.
Unknown command.
Drink which item? (? for menu, Esc to quit)
Okay, then.
The orc hits you with a hand axe!
You die...

#### #########
...######.......#######
........'...)...@....>#######
##.######......o##.##.#.....#
#..# #.......##.##.#.###†#
##.#####.......##.##.#.#<#.#
##.....#)......##.##.#.#.#.#
#......#.......##.##.#.#.#.#
##......#######....##.#...#.#
......### #....##.#####.#
......# #....##.......#


You could see an orc.

Vanquished Creatures
  A big kobold (Sewer)
  A crimson imp (D:3)
  2 adders (D:3)
  A river rat (D:3)
  2 oozes
  3 worms
  A dart slug (D:2)
  3 giant geckos
  7 orcs
  6 bats
  6 giant cockroaches
  11 hobgoblins
  2 jackals (Sewer)
  18 kobolds
  5 quokkas
  A giant newt (D:1)
  9 goblins
  11 rats
90 creatures vanquished.

Notes
Turn   | Place    | Note
--------------------------------------------------------------
     0 | D:1      | Liam the Deep Elf Conjurer began the quest for the Orb.
     0 | D:1      | Reached XP level 1. HP: 10/10 MP: 6/6
   363 | D:1      | Reached XP level 2. HP: 15/15 MP: 5/8
   955 | D:2      | Reached skill level 5 in Conjurations
   956 | D:2      | Reached XP level 3. HP: 19/19 MP: 4/10
  1033 | D:2      | Found a basalt altar of Yredelemnul.
  1406 | D:2      | Found a basalt altar of Yredelemnul.
  1825 | D:3      | Reached skill level 5 in Spellcasting
  1825 | D:3      | Reached XP level 4. HP: 24/24 MP: 2/13
  1913 | D:3      | Found a stormy altar of Qazlal.
  2098 | D:3      | Learned a level 4 spell: Iskenderun's Mystic Blast
  2158 | D:3      | Found a glowing drain.
  2188 | Sewer    | Entered a sewer
  2396 | Sewer    | Reached XP level 5. HP: 28/28 MP: 12/14
  2616 | Sewer    | Found a white marble altar of Elyvilon.
  2880 | D:3      | Found a shattered altar of Ashenzari.
  2887 | D:3      | Found a bloodstained altar of Trog.
  3200 | D:3      | Found a faded altar to an unknown god.
  3305 | D:3      | Found a white marble altar of Elyvilon.
  3571 | D:4      | HP: 1/28 [something/puff of flame (4)]
  3599 | D:4      | Slain by an orc

Vault maps used:
D:1:      minmay_arrival_four_loops
D:2:      lemuel_round_altar, yredelemnul_altar_generic
D:3:      amethyst_overflow_temple_binary, elyvilon_altar_1,
          grunt_qazlal_clouds, gup_sewer_entry_spiral, ecumenical_altar_2
D:4:      kiku_gazebo_garden_becter, first_bread, minmay_misc_feat_hallway,
          cheibrodos_gnoll_hut
Sewer:    sewer_kobolds

Skill      XL: |  1  2  3  4  5 |
---------------+----------------+-----
Conjurations   | 5 6 |  6.3
Spellcasting   | 4 5 6 |  6.4
Dodging        | |  2.4
Stealth        | |  2.4

Action                   |  1- 3 |  4- 6 || total
-------------------------+-------+-------++-------
Melee: Unarmed           |     8 |     5 ||    13
 Cast: Magic Dart        |   105 |   120 ||   225
       Iskenderun's Myst |       |     2 ||     2
  Use: Potion            |       |     8 ||     8
 Stab: Sleeping          |       |     1 ||     1
  Eat: Chunk             |     2 |     6 ||     8
